 Dungeon Crawl Stone Soup version 0.25.0-1-g7eea58d (webtiles) character file.

Game seed: 14322434943687805053

45 Dorkslayer the Skirmisher (level 3, -7/36 HPs)
             Began as a Troll Fighter on July 5, 2020.
             Killed by nerve-wracking pain
             ... invoked by Grinder
              (9 damage)
             ... on level 3 of the Dungeon.
             The game lasted 00:06:41 (1628 turns).

Dorkslayer the Skirmisher (Troll Fighter)           Turns: 1628, Time: 00:06:41

Health: -7/36      AC:  6    Str: 24    XL:     3   Next: 42%
Magic:  2/2        EV:  8    Int:  4    God:
Gold:   123        SH:  8    Dex: 10    Spells: 2/2 levels left

rFire    . . .     SeeInvis .     - Unarmed
rCold    . . .     Gourm    +   b - +0 kite shield
rNeg     . . .     Faith    .   a - +0 robe
rPois    .         Spirit   .   (helmet restricted)
rElec    .         Reflect  .   (no cloak)
rCorr    .         Harm     .   (gloves unavailable)
MR       .....                  (boots unavailable)
Stlth    ..........             (no amulet)
HPRegen  0.52/turn              i - ring of attention (curse)
MPRegen  0.08/turn              (no ring)

@: no status effects
A: large, unfitting armour, claws 3, fast metabolism 3, gourmand, regeneration
1, shaggy fur 1, tough skin 3
a: no special abilities


You were on level 3 of the Dungeon.
You were full.

You visited 1 branch of the dungeon, and saw 3 of its levels.

You collected 123 gold pieces.

Inventory:

Missiles
 f - 6 boomerangs (quivered)
Armour
 a - a +0 robe (worn)
 b - a +0 kite shield (worn)
Jewellery
 i - a cursed ring of attention (left claw)
Wands
 m - a wand of acid (8)
Scrolls
 g - a scroll of enchant armour {unknown}
 l - a scroll of identify {unknown}
Potions
 c - 2 potions of might
 e - 2 potions of curing {unknown}
 h - a potion of heal wounds {unknown}
 k - a potion of cancellation {unknown}
Comestibles
 d - 3 rations
 j - 6 chunks of flesh


   Skills:
 * Level 2.8 Fighting
 + Level 2.6 Dodging
 + Level 2.7 Shields
 * Level 2.8 Unarmed Combat


You had 2 spell levels left.
You didn't know any spells.
Your spell library was empty.

Dungeon Overview and Level Annotations

Branches:
Dungeon (3/15)

Altars:

Annotations:
D:3 Grinder


Innate Abilities, Weirdness & Mutations

You are too large for most types of armour.
You have claws for hands.
Your metabolism is lightning-fast.
You like to eat raw meat.
Your natural rate of healing is unusually fast.
You are covered in fur. (AC +1)
You have extremely tough skin. (AC +3)


Message History

You barely miss Grinder.
Grinder is heavily wounded.
Grinder blinks!
You block the quokka's attack.
Throwing (i - inventory)
f - 6 boomerangs (quivered)
Press: ? - help, Shift-Dir - straight line, f/p - Grinder
Aim: Grinder (heavily wounded)
You throw a boomerang. The boomerang hits Grinder!
Grinder is almost dead.
You block the quokka's attack. The quokka barely misses you.
You miss the quokka. The quokka barely misses you.
Your shield prevents you from hitting the quokka.
The quokka closely misses you.
Grinder blinks!
The quokka bites you.
You claw the quokka!
You kill the quokka!
Grinder gestures at you. Pain shoots through your body!
* * * LOW HITPOINT WARNING * * *
Grinder gestures at you. Pain shoots through your body!
You die...

#.#####..# ...
#>.....#..##..#
........#......####
........(##.......#
..............=...# #
..................# ...
.........#........##....
.........#.#....#.......
........##.####.@5......
.................##.....
..........##.)...# ...
.................# >
..รท).....##......#
..().....###.##.##
.........# #..#..#
........## ##......
#......## ##....#


You could see Grinder.

Vanquished Creatures
  A worm (D:2)
  2 dart slugs
  A leopard gecko (D:1)
  3 giant cockroaches
  4 goblins
  2 hobgoblins
  4 jackals (D:2)
  2 quokkas (D:3)
  A ball python (D:1)
  4 bats
  3 frilled lizards
  3 kobolds (D:2)
  8 rats
38 creatures vanquished.

Notes
Turn   | Place    | Note
-------+----------+-------------------------------------------
     0 | D:1      | Dorkslayer the Troll Fighter began the quest for the Orb.
     0 | D:1      | Reached XP level 1. HP: 22/22 MP: 0/0
   400 | D:1      | Reached XP level 2. HP: 29/29 MP: 1/1
  1170 | D:2      | Reached XP level 3. HP: 33/36 MP: 2/2
  1603 | D:3      | Noticed Grinder
  1613 | D:3      | Paralysed by Grinder for 4 turns
  1627 | D:3      | HP: 1/36 [Grinder/nerve-wracking pain (14)]
  1628 | D:3      | Killed from afar by Grinder

Illustrated notes

Levels and vault maps discovered:
D:1:      minmay_arrival_loop, layout_basic, kennysheep_small_spiral
D:2:      layout_loops_ring
D:3:      layout_rooms, kennysheep_another_room, nemelex_dance_club_becter,
          uniq_grinder

Action                   || total
-------------------------++-------
Melee: Unarmed           ||   109
Throw: Boomerang         ||     3
  Use: Scroll            ||     2
  Eat: Chunk             ||    17
Armor: Robe              ||    33
Dodge: Dodged            ||    37
Block: Kite shield       ||    38
